 Dungeon Crawl Stone Soup version 0.25.0-11-g1f837a76a1 (webtiles) character file.

Game seed: 5938888986425592643

1 sentinel the Gusty (level 1, -4/15 HPs)
             Began as a Hill Orc Air Elementalist on June 26, 2020.
             Slain by a hobgoblin
             ... wielding a +0 club
              (5 damage)
             ... on level 1 of the Dungeon.
             The game lasted 00:00:20 (259 turns).

sentinel the Gusty (Hill Orc Air Elementalist)       Turns: 259, Time: 00:00:21

Health: -4/15      AC:  2    Str: 10    XL:     1   Next: 20%
Magic:  0/3        EV: 12    Int: 15    God:
Gold:   6          SH:  0    Dex: 11    Spells: 2/3 levels left

rFire    . . .     SeeInvis .   (no weapon)
rCold    . . .     Gourm    .   (no shield)
rNeg     . . .     Faith    .   a - +0 robe
rPois    .         Spirit   .   (no helmet)
rElec    .         Reflect  .   (no cloak)
rCorr    .         Harm     .   (no gloves)
MR       .....                  (no boots)
Stlth    ++........             (no amulet)
HPRegen  0.05/turn              (no ring)
MPRegen  0.08/turn              (no ring)

@: very slightly contaminated
A: no striking features
a: no special abilities


You were on level 1 of the Dungeon.
You were not hungry.

You visited 1 branch of the dungeon, and saw 1 of its levels.

You collected 6 gold pieces.

Inventory:

Armour
 a - a +0 robe (worn)
Comestibles
 b - a chunk of flesh
 e - a ration


   Skills:
 + Level 0.5 Fighting
 - Level 1.5 Dodging
 - Level 1.5 Stealth
 - Level 1.5 Spellcasting
 - Level 1.0 Conjurations
 - Level 2.4 Air Magic


You had 2 spell levels left.
You knew the following spells:

 Your Spells              Type           Power        Failure   Level  Hunger
a - Shock                 Conj/Air       #...         12%         1    ##.....

Your spell library contained the following spells:

 Spells                   Type           Power        Failure   Level  Hunger
 Swiftness                Chrm/Air       #.......     22%         2    ###....
 Static Discharge         Conj/Air       #.......     34%         3    ####...
 Airstrike                Air            #.........   65%         4    #####..
 Lightning Bolt           Conj/Air       #.........   97%         5    ######.


Dungeon Overview and Level Annotations

Branches:
Dungeon (1/15)

Altars:


Message History

Welcome, sentinel the Hill Orc Air Elementalist.
Will you be the one to retrieve the fabled Orb of Zot from the depths?
Found 4 gold pieces.
Found a staircase leading out of the dungeon.
You now have 1 gold piece.
You now have 2 gold pieces (gained 1).
You now have 3 gold pieces (gained 1).
You now have 4 gold pieces (gained 1).
You open the door.
There is an open door here.
You open the door.
There is an open door here.
You now have 5 gold pieces (gained 1).
You now have 6 gold pieces (gained 1).
You open the door.
There is an open door here.
You open the door.
There is an open door here.
A frilled lizard comes into view.
But you're not safe! But you're not safe! But you're not safe!
But you're not safe!
Aim: a frilled lizard (asleep)
The zap hits the frilled lizard.
You kill the frilled lizard!
You can't see any susceptible monsters within range! (Use Z to cast anyway.)
You can't see any susceptible monsters within range! (Use Z to cast anyway.)
You can't see any susceptible monsters within range! (Use Z to cast anyway.)
Found 10 stones.
A kobold comes into view.
But you're not safe! But you're not safe! But you're not safe!
Aim: a kobold, quivering 4 stones (asleep)
The zap hits the kobold.
The kobold shouts!
The kobold throws a stone.
The stone closely misses you.
Aim: a kobold, quivering 3 stones (moderately wounded)
You miscast Shock.
You are very lightly contaminated with residual magic.
Nothing appears to happen.
You don't have enough magic to cast that spell.
No previous command to re-do.
No previous command to re-do.
The kobold closely misses you.
You hit the kobold. The kobold closely misses you.
You barely miss the kobold. The kobold hits you.
You closely miss the kobold. The kobold hits you.
You completely miss the kobold. The kobold hits you.
You hit the kobold but do no damage. The kobold barely misses you.
You closely miss the kobold. The kobold hits you.
You hit the kobold.
You kill the kobold!
No target in view!
No target in view!
No target in view!
No target in view!
No target in view!
You start resting.
Your magical contamination has completely faded away.
Things that are here:
3 stones; a kobold corpse You butcher the frilled lizard corpse.
b - a chunk of flesh You see here a frilled lizard skeleton. x2
A hobgoblin comes into view. It is wielding a +0 club.
But you're not safe! But you're not safe! But you're not safe!
But you're not safe!
Aim: a hobgoblin, wielding a +0 club (asleep)
The zap hits the hobgoblin.
The hobgoblin shouts!
You hear a shout!
A frilled lizard comes into view.
Aim: a hobgoblin, wielding a +0 club (moderately wounded)
The zap misses the hobgoblin.
The frilled lizard hisses angrily.
You hear a shout!
Aim: a hobgoblin, wielding a +0 club (moderately wounded)
The zap hits the hobgoblin.
A rat comes into view.
You don't have enough magic to cast that spell.
No previous command to re-do.
Aim: a hobgoblin, wielding a +0 club (heavily wounded)
You miscast Shock.
You are very lightly contaminated with residual magic.
Nothing appears to happen.
The hobgoblin hits you with a +0 club.
You closely miss the hobgoblin. The hobgoblin hits you with a +0 club.
You barely miss the hobgoblin. The hobgoblin barely misses you.
You closely miss the hobgoblin. The hobgoblin hits you with a +0 club.
You barely miss the hobgoblin. You barely miss the hobgoblin.
The hobgoblin barely misses you.
You barely miss the hobgoblin. The hobgoblin barely misses you.
You barely miss the hobgoblin.
The hobgoblin hits you but does no damage.
You barely miss the hobgoblin. The hobgoblin hits you with a +0 club.
The frilled lizard hisses.
You closely miss the hobgoblin. The hobgoblin hits you with a +0 club.
* * * LOW HITPOINT WARNING * * *
HP warning!
Aim: a hobgoblin, wielding a +0 club (heavily wounded)
You miscast Shock.
Nothing appears to happen.
The hobgoblin misses you.
HP warning!
Unknown command.
You hit the hobgoblin.
The hobgoblin hits you but does no damage.
HP warning!
You closely miss the hobgoblin. The hobgoblin hits you with a +0 club.
You die...

########### #.........##
#..........##.
#..............
#..............
#(.÷...........
#####r.............
####..@gl.............
#.....##....(.........
###########'###########.....
#........'8.8'........#....
#........#...#........# ##
#...⌠....##'##....⌠...#
##...................##
######....<....######
##.......##


You could see a hobgoblin, a frilled lizard and a rat.

Vanquished Creatures
  A frilled lizard (D:1)
  A kobold (D:1)
2 creatures vanquished.

Notes
Turn   | Place    | Note
-------+----------+-------------------------------------------
     0 | D:1      | sentinel the Hill Orc Air Elementalist began the quest for
                  | the Orb.
     0 | D:1      | Reached XP level 1. HP: 14/14 MP: 3/3
   259 | D:1      | Slain by a hobgoblin

Illustrated notes

Levels and vault maps discovered:
D:1:      giann_wishing_wells, layout_rooms

Action                   || total
-------------------------++-------
Melee: Unarmed           ||    18
 Cast: Shock             ||     5
Armor: Robe              ||     2
Dodge: Dodged            ||     8
